Construct Infanterie Kompanie
Construct Panzergrenadier Kompanie
Pak 40 Anti-tank Gun Team
Infanterie Officer Quarters
Nebelwerfer 42 Rocket Launcher Team
Nebelwerfer 42 Rocket Launcher Team
Construct Panzer Kompanie
Selects Mechanized Battlegroup
Selects 8 Rad Armored Car
Selects UNKNOWN (2160084)
Selects Mobile Repair Stations
Selects Stoßtruppen Assault Package
Selects Zeroing Artillery Barrage
Zeroing Artillery Barrage
Zeroing Artillery Barrage
Construct Luftwaffe Kompanie
Zeroing Artillery Barrage